 Dungeon Crawl Stone Soup version 0.30.2 (webtiles) character file.

Game seed: 13279258587413298469

94 Ashen the Magician (level 4, -3/32 HPs)
             Began as a Gnoll Hedge Wizard on Jan 28, 2024.
             Slain by a cerulean imp
             ... wielding a +1 spear
             ... summoned by Natasha
              (6 damage)
             ... on level 2 of the Dungeon.
             The game lasted 00:02:49 (2047 turns).

Ashen the Magician (Gnoll Hedge Wizard)             Turns: 2047, Time: 00:02:50

Health: -3/32      AC:  3    Str:  9    XL:     4   Next: 63%
Magic:  13/13      EV: 13    Int: 16    God:
Gold:   61         SH:  0    Dex: 11    Spells: 11/17 levels left

rFire   . . .        m - +0 dagger (venom)
rCold   . . .        (no shield)
rNeg    . . .        b - +0 robe
rPois   .            c - +0 hat
rElec   .            g - +0 cloak
rCorr   .            (no gloves)
SInv    .            (no boots)
Will    .....        (no amulet)
Stlth   ++           (no ring)
HPRegen 0.25/turn    (no ring)
MPRegen 0.13/turn

%: no passive effects
@: no status effects
A: fangs 1, strong nose, distributed training
a: no special abilities


You were on level 2 of the Dungeon.
You visited 1 branch of the dungeon, and saw 2 of its levels.

You collected 61 gold pieces.

Inventory:

Hand Weapons
 a - a +0 dagger
 m - a +0 dagger of venom (weapon)
Armour
 b - a +0 robe (worn)
 c - a +0 hat (worn)
 g - a +0 cloak (worn)
Jewellery
 i - an amulet of regeneration
Scrolls
 k - a scroll of torment {unknown}
 l - a scroll of teleportation {unknown}
 p - a scroll of blinking {unknown}
Potions
 d - a potion of magic
 e - 3 potions of haste {unknown}
 f - a potion of curing
 h - a potion of brilliance {unknown}
 j - a potion of degeneration {unknown}
 n - 2 potions of mutation {unknown}
 o - a potion of heal wounds {unknown}


   Skills:
 + Level 1.2 Fighting
 + Level 1.2 Short Blades
 + Level 1.2 Long Blades
 + Level 1.2 Axes
 + Level 1.2 Maces & Flails
 + Level 1.2 Polearms
 + Level 1.2 Staves
 + Level 1.2 Ranged Weapons
 + Level 1.2 Throwing
 + Level 1.2 Armour
 + Level 4.7 Dodging
 + Level 4.3 Stealth
 + Level 1.2 Shields
 + Level 1.2 Unarmed Combat
 + Level 7.2 Spellcasting
 + Level 2.3 Conjurations
 + Level 1.0 Hexes
 + Level 2.3 Summonings
 + Level 1.0 Necromancy
 + Level 2.3 Translocations
 + Level 1.0 Transmutations
 + Level 1.0 Fire Magic
 + Level 1.0 Ice Magic
 + Level 1.0 Air Magic
 + Level 1.0 Earth Magic
 + Level 1.0 Poison Magic
 + Level 1.4 Invocations
 + Level 1.2 Evocations


You had 11 spell levels left.
You knew the following spells:

 Your Spells              Type           Power      Damage    Failure   Level
a - Magic Dart            Conj           52%        1d5       4%          1
b - Blink                 Tloc           26%        N/A       7%          2
c - Mephitic Cloud        Conj/Pois/Air  10%        N/A       21%         3

Your spell library contained the following spells:

 Spells                   Type           Power      Damage    Failure   Level
 Call Imp                 Summ           26%        N/A       7%          2
 Slow                     Hex            36%        N/A       8%          1
 Cigotuvi's Dreadful Rot  Necr/Pois/Air  18%        N/A       12%         2


Dungeon Overview and Level Annotations

Branches:
Dungeon (2/15)

Altars:
The Shining One

Annotations:
D:2 Natasha


Innate Abilities, Weirdness & Mutations

You have very sharp teeth.
Your uncanny sense of smell can sniff out nearby items.
Your experience applies equally to all skills.


Message History

A hobgoblin is nearby!
A hobgoblin is nearby!
Natasha, Servant of Life and Death comes into view.
The hobgoblin hits you.
Natasha hisses angrily.
You hit the hobgoblin but do no damage. The hobgoblin barely misses you.
Natasha mewls in sadness.
Natasha mumbles some strange words.
You hit the hobgoblin.
The hobgoblin is poisoned.
Your punch misses the hobgoblin.
The hobgoblin is moderately wounded.
The hobgoblin hits you.
You hit the hobgoblin.
The hobgoblin looks as sick as possible!
The hobgoblin is severely wounded.
You kill the hobgoblin!
You miss Natasha. Natasha claws you. The cerulean imp closely misses you.
You completely miss Natasha. You bite Natasha, but do no damage.
Natasha completely misses you.
The cerulean imp hits you from afar with a +1 spear.
You closely miss Natasha.
Natasha stares at you and mumbles some strange words.
The magic dart hits you! The cerulean imp barely misses you.
You are too injured to fight recklessly!
You are too injured to fight recklessly!
You are too injured to fight recklessly!
You are too injured to fight recklessly!
You are too injured to fight recklessly!
You are too injured to fight recklessly!
You are too injured to fight recklessly!
You hit Natasha but do no damage.
Natasha is poisoned.
Natasha claws you. The cerulean imp barely misses you.
You hit Natasha.
Natasha looks as sick as possible!
Natasha is moderately wounded.
Natasha drinks a potion.
Natasha is healed!
Natasha looks more healthy.
The cerulean imp completely misses you.
You barely miss Natasha. Natasha claws you!
* * * LOW HITPOINT WARNING * * *
The cerulean imp hits you from afar with a +1 spear.
You die...

#..#..# #.##.#......###
....... ...........>#
#. ............####.###
.................... .
..##.######.###..### #
#. ##.###.###.$.. #.
#........##..#
#.#####..###.#.##).#
#..5h@...# #.#.##..#
#.#####..###.#.# ..#
#........#.###.### .
#.#..###.#.#......
...###...............##
.................##..##
..###..#.###.#.#......
#######..#.#
#..........
#........#..
.........##


You could see Natasha and a cerulean imp (summoned).

Vanquished Creatures
  Natasha (D:2)
  2 adders (D:2)
  3 worms (D:2)
  4 ball pythons (D:1)
  3 endoplasms
  3 giant cockroaches
  3 goblins
  2 hobgoblins
  4 quokkas (D:2)
  3 bats
  3 frilled lizards (D:1)
  6 kobolds
  5 rats
42 creatures vanquished.

Notes
Turn   | Place    | Note
-------+----------+-------------------------------------------
     0 | D:1      | Ashen the Gnoll Hedge Wizard began the quest for the Orb.
     0 | D:1      | Reached XP level 1. HP: 13/13 MP: 8/8
   274 | D:1      | Reached XP level 2. HP: 19/19 MP: 7/10
   996 | D:2      | Reached XP level 3. HP: 25/25 MP: 8/11
  1312 | D:2      | Reached skill level 1 in Invocations
  1411 | D:2      | Reached skill level 1 in Fighting
  1411 | D:2      | Reached skill level 1 in Short Blades
  1411 | D:2      | Reached skill level 1 in Long Blades
  1411 | D:2      | Reached skill level 1 in Axes
  1411 | D:2      | Reached skill level 1 in Maces & Flails
  1411 | D:2      | Reached skill level 1 in Polearms
  1411 | D:2      | Reached skill level 1 in Staves
  1411 | D:2      | Reached skill level 1 in Ranged Weapons
  1411 | D:2      | Reached skill level 1 in Throwing
  1411 | D:2      | Reached skill level 1 in Armour
  1411 | D:2      | Reached skill level 1 in Shields
  1411 | D:2      | Reached skill level 1 in Unarmed Combat
  1411 | D:2      | Reached skill level 1 in Evocations
  1601 | D:2      | Reached XP level 4. HP: 32/32 MP: 5/13
  1695 | D:2      | Found a glowing golden altar of the Shining One.
  1723 | D:2      | Noticed Natasha
  1733 | D:2      | Killed Natasha
  1734 | D:2      | Reached skill level 1 in Hexes
  1734 | D:2      | Reached skill level 1 in Necromancy
  1734 | D:2      | Reached skill level 1 in Transmutations
  1734 | D:2      | Reached skill level 1 in Fire Magic
  1734 | D:2      | Reached skill level 1 in Ice Magic
  1734 | D:2      | Reached skill level 1 in Air Magic
  1734 | D:2      | Reached skill level 1 in Earth Magic
  1734 | D:2      | Reached skill level 1 in Poison Magic
  1737 | D:2      | Learned a level 2 spell: Blink
  1741 | D:2      | Learned a level 3 spell: Mephitic Cloud
  2037 | D:2      | Noticed Natasha
  2047 | D:2      | Slain by a cerulean imp

Illustrated notes

Levels and vault maps discovered:
D:1:      evilmike_arrival_fibonacci_small, layout_loops_ring
D:2:      layout_basic, basic_altar, kennysheep_generic_room_11, uniq_natasha,
          uniq_sigmund

Skill      XL: |  1  2  3  4 |
---------------+-------------+-----
Conjurations   | 2 |  2.3
Summonings     | 2 |  2.3
Translocations | 2 |  2.3
Invocations    | 1 |  1.4
Fighting       | 1 |  1.2
Short Blades   | 1 |  1.2
Long Blades    | 1 |  1.2
Axes           | 1 |  1.2
Maces & Flails | 1 |  1.2
Polearms       | 1 |  1.2
Staves         | 1 |  1.2
Ranged Weapons | 1 |  1.2
Throwing       | 1 |  1.2
Armour         | 1 |  1.2
Shields        | 1 |  1.2
Unarmed Combat | 1 |  1.2
Evocations     | 1 |  1.2
Hexes          | 1 |  1.0
Necromancy     | 1 |  1.0
Transmutations | 1 |  1.0
Fire Magic     | 1 |  1.0
Ice Magic      | 1 |  1.0
Air Magic      | 1 |  1.0
Earth Magic    | 1 |  1.0
Poison Magic   | 1 |  1.0
Dodging        | |  4.7
Stealth        | |  4.3
Spellcasting   | |  7.2

Action                     |  1- 3 |  4- 6 || total
---------------------------+-------+-------++-------
  Melee: Dagger            |    29 |    20 ||    49
         Bite              |     1 |     1 ||     2
   Cast: Magic Dart        |    67 |    23 ||    90
   Stab: Sleeping          |     3 |       ||     3
 Armour: Robe              |     3 |     2 ||     5
  Dodge: Dodged            |    19 |    11 ||    30
